 Dungeon Crawl Stone Soup version 0.27-a0-1347-gd8886f0a89 (webtiles) character file.

Game seed: 18147515930317202777

1042 Sobieck the Sneak (level 8, -1/54 HPs)
             Began as an Octopode Gladiator on June 27, 2021.
             Was an Initiate of Ru.
             Slain by a sky beast (6 damage)
             ... on level 5 of the Dungeon.
             The game lasted 00:10:11 (6267 turns).

Sobieck the Sneak (Octopode Gladiator)              Turns: 6267, Time: 00:10:12

Health: -1/54      AC:  1    Str: 13    XL:     8   Next: 25%
Magic:  8/8        EV: 15    Int: 18    God:    Ru [......]
Gold:   353        SH:  7    Dex: 14    Spells: 7/7 levels left

rFire    . . .     SeeInvis .   a - +2 long sword (vorpal) {long}
rCold    . . .     Faith    .   k - +2 buckler
rNeg     . . .     Spirit   .   d - +0 hat
rPois    +         Reflect  .   (no amulet)
rElec    .         Harm     .   o - ring of poison resistance
rCorr    .         Rampage  .   w - +6 ring of intelligence
Will     .....                  (no ring)
Stlth    ++++......             (no ring)
HPRegen  0.18/turn              (no ring)
MPRegen  0.11/turn              (no ring)
                                (no ring)
                                (no ring)

@: no status effects
A: almost no armour, amphibious, 8 rings, camouflage 1, gelatinous body 1,
(nimble swimmer 1), tentacles
a: Renounce Religion


You were on level 5 of the Dungeon.
You worshipped Ru.
Ru was noncommittal.
You visited 2 branches of the dungeon, and saw 8 of its levels.

You collected 353 gold pieces.


Innate Abilities, Weirdness & Mutations

You cannot wear most types of armour.
You are amphibious.
You can wear up to eight rings at the same time.
Your skin changes colour to match your surroundings (Stealth+).
Your rubbery body absorbs attacks. (AC +1, EV +1)
((You are camouflaged near water. (Stealth+)))
You have tentacles for arms and can constrict up to eight enemies at once.


   Skills:
 + Level 4.5 Fighting
 + Level 5.1 Long Blades
 - Level 2.0 Throwing
 + Level 5.1 Dodging
 + Level 5.9 Stealth
 + Level 3.6 Shields


You had 7 spell levels left.
You didn't know any spells.
Your spell library contained the following spells:

 Spells                   Type           Power      Damage    Failure   Level
 Beastly Appendage        Tmut           0%         N/A       22%         1
 Magic Dart               Conj           0%         1d3       22%         1
 Blink                    Tloc           N/A        N/A       34%         2
 Call Imp                 Summ           0%         N/A       34%         2
 Slow                     Hex            0%         N/A       34%         2
 Wereblood                Tmut           0%         N/A       34%         2
 Conjure Flame            Conj/Fire      0%         6-21      56%         3
 Mephitic Cloud           Conj/Pois/Air  0%         N/A       56%         3
 Spider Form              Tmut/Pois      0%         N/A       56%         3
 Ice Form                 Ice/Tmut       0%         N/A       92%         4

Inventory:

Hand Weapons
 a - a +2 vorpal long sword (weapon) {long}
   (You found it on level 3 of the Dungeon)
 b - a +0 hunting sling {sling}
   (You found it on level 1 of the Dungeon)
 n - a +0 long sword {long}
Missiles
 c - 3 throwing nets (quivered) {=f!fthrowing}
 e - 100 arrows
 g - 88 stones {throwing}
 h - 25 poisoned darts {throwing}
 j - 37 sling bullets
 s - 21 bolts
Armour
 d - a +0 hat (worn)
 k - a +2 buckler (worn)
   (You found it on level 2 of the Dungeon)
Magical Staves
 f - a staff of death {!astaff}
   (You found it on level 2 of the Dungeon)
Jewellery
 o - a ring of poison resistance (left tentacle)
   (You found it on level 3 of the Dungeon)
 w - a +6 ring of intelligence (right tentacle)
   (You found it on level 5 of the Dungeon)
Scrolls
 q - a scroll of blinking {!r}
 u - a scroll of teleportation {@r4}
 v - a scroll of holy word {unknown}
Potions
 i - 2 potions of curing {@q1}
 l - a potion of degeneration {!q@e2}
 m - a potion of flight
 p - a potion of haste {@q3}
 r - a potion of heal wounds {@q2}
 t - a potion of might

Dungeon Overview and Level Annotations

Branches:
Dungeon (7/15)             Temple (1/1) D:6

Altars:
Ashenzari
Fedhas
Hepliaklqana
Kikubaaqudgha
Makhleb
Nemelex Xobeh
Qazlal
Ru
Sif Muna
Uskayaw
Xom
Yredelemnul
Zin
The Shining One
Lugonu

Shops:
D:2 [

Annotations:
D:2 1 runed translucent door, Crazy Yiuf
D:7 Joseph

#.......########...
####'#### #..... #.#
#..[.. #.# #..... #[#
##.... #.##########....
#..........'....
####################....
......{@...#........####
.####....#.#.######'####
#....#.#.##........# #.#
#....#.#.##........# #.#
#....#.#.##........# #.#
#....#.#.##........# #.#
######.#.##...[....# #.#
#.#.##........# #.#
#.#.######'####


There were no monsters in sight!


Message History

😕 HP[+1] No target in view!
Okay, then.
You open the door.
There is an open door here.
x - a scroll of identify {@r1} 😎 HP[+2]
Your hp is fully restored (54).
As you read the scroll of identify {@r1}, it crumbles to dust.
m - a potion of flight You open the door.
There is an open door here.
There is a sparkling altar of Nemelex Xobeh here.
As you open the door, it creaks loudly!
There is an open door here.
There is an open door here.
There is an open door here.
You open the door.
There is an open door here.
As you open the door, it creaks loudly!
A rat comes into view.
A quokka comes into view.
There is an open door here.
You slash the quokka!
You kill the quokka!
A worm comes into view.
You barely miss the rat. Your grab misses the rat.
The rat splashes around in the water.
You slash the rat!
You kill the rat!
The worm barely misses you.
You hit the worm. You grab the worm. You constrict the worm.
The worm misses you.
You hit the worm but do no damage. You constrict the worm. You hit the worm.
You kill the worm!
No target in view!
No target in view!
No target in view!
You open the large door.
There is a large open door here.
There is a large open door here.
You open the door.
There is an open door here.
You see here a +0 dagger {short}.
There is an open door here.
You see here a +0 robe.
There is an open door here.
You open the door.
There is an open door here.
There is an open door here.
You open the door.
There is an open door here.
A sky beast comes into view.
You closely miss the sky beast. You squeeze the sky beast!
The sky beast closely misses you. The sky beast barely misses you.
You slash the sky beast! You block the sky beast's attack.
You closely miss the sky beast. The sky beast barely misses you.
You miss the sky beast.
The sky beast flickers out of sight!
Deactivating autopickup; reactivate with Ctrl-A.
Something hits you. Something shocks you. 😕 HP[-7]
You take 7 damage, and now have 47/54 hp.
No target in view!
You closely miss something.
A sky beast appears from thin air!
Reactivating autopickup.
The sky beast hits you. The sky beast shocks you. 😕 HP[-6]
You take 6 damage, and now have 41/54 hp.
You closely miss the sky beast. You block the sky beast's attack.
The sky beast hits you. The sky beast shocks you. 😮 HP[-10]
You take 10 damage, and now have 31/54 hp.
You closely miss the sky beast. The sky beast closely misses you.
You riposte.
You closely miss the sky beast.
Your squeeze misses the sky beast. 😮 HP[+1]
You completely miss the sky beast.
The sky beast flickers out of sight!
Deactivating autopickup; reactivate with Ctrl-A.
Something hits you. Something shocks you.
* * * LOW HITPOINT WARNING * * *
😨 HP[-7]
You take 7 damage, and now have 25/54 hp.
You closely miss something. Something barely misses you.
You hit something. Something hits you.
* * * LOW HITPOINT WARNING * * *
Something shocks you.
* * * LOW HITPOINT WARNING * * *
😨 HP[-9]
You take 9 damage, and now have 16/54 hp.
You barely miss something. Something hits you.
* * * LOW HITPOINT WARNING * * *
Something shocks you.
* * * LOW HITPOINT WARNING * * *
😱 HP[-8]
You take 8 damage, and now have 8/54 hp.
You miss something. Something barely misses you.
You miss something. You block something's attack. Something hits you.
* * * LOW HITPOINT WARNING * * *
Something shocks you.
You die...

Skill      XL: |  1  2  3  4  5  6  7  8 |
---------------+-------------------------+-----
Stealth        | 1 2 3 4 5 |  5.9
Fighting       | 3 4 |  4.5
Shields        | 1 2 3 |  3.6
Long Blades    | 4 5 |  5.1
Dodging        | 4 5 |  5.1
Throwing       | |  2.0

Action                   |  1- 3 |  4- 6 |  7- 9 || total
-------------------------+-------+-------+-------++-------
Melee: Long sword        |    51 |    39 |    49 ||   139
       Constrict         |    15 |    10 |     7 ||    32
       Tentacles         |    11 |     7 |    13 ||    31
 Fire: Hunting sling     |       |    27 |       ||    27
  Use: Scroll            |     4 |     6 |     1 ||    11
       Potion            |       |     3 |       ||     3
 Stab: Sleeping          |    11 |     1 |     6 ||    18
Armor: Skin              |     2 |       |     1 ||     3
Dodge: Dodged            |    38 |    21 |    16 ||    75
Block: Buckler           |     6 |     8 |    11 ||    25
       Rpst.: Long sword |    14 |     9 |     2 ||    25

Levels and vault maps discovered:
D:1:      dpeg_arrival_concentric_ovals, layout_basic, fountainhead
D:2:      layout_rooms, chequers_ecumenical_altar_twisty, serial_shops, shop,
          minmay_gold_behind_fungi, minmay_pentomino_pile,
          uniq_crazy_yiuf_cottage
D:3:      layout_loops_corners, grunt_decor_clamped, amethyst_killhole
D:4:      layout_gridville, marbit_many_paths, nrook_mini_vaults
D:5:      layout_basic, lemuel_tele_altar, overflow_temple_1_default,
          grunt_temple_overflow_open, gup_sewer_entry_bowl, serial_shops,
          nicolae_stop_n_shop_2, uniq_eustachio
D:6:      hangedman_cross_stitches, layout_cave_pools, minmay_temple_entry_grid,
          enter_ossuary_2, minivault_5, nicolae_water_bricks
D:7:      layout_basic, serial_rivers, chequers_serial_rivers_micro_d,
          chequers_serial_rivers_micro_e, chequers_serial_rivers_micro_c,
          chequers_serial_rivers_room_b, chequers_serial_rivers_micro_a,
          uniq_joseph, uniq_duvessa
Temple:   corrupted_temple

Notes
Turn   | Place    | Note
-------+----------+-------------------------------------------
     0 | D:1      | Sobieck the Octopode Gladiator began the quest for the Orb.
     0 | D:1      | Reached XP level 1. HP: 14/14 MP: 1/1
     0 | D:1      | magus.rc [v1.9.6]
   164 | D:1      | Reached skill level 1 in Stealth
   164 | D:1      | Reached XP level 2. HP: 19/19 MP: 2/2
   669 | D:2      | Reached XP level 3. HP: 12/25 MP: 3/3
  1022 | D:1      | Reached skill level 2 in Stealth
  1920 | D:2      | Found Peikhloci's Armour Shop.
  1971 | D:2      | You pick up a book of Minor Magic and begin reading...
  1971 | D:2      | You add the spells Magic Dart, Blink, Call Imp, Slow,
                  | Conjure Flame and Mephitic Cloud to your library.
  2049 | D:2      | Reached XP level 4. HP: 26/30 MP: 4/4
  2365 | D:2      | Found a runed translucent door.
  2366 | D:2      | Noticed Crazy Yiuf
  2411 | D:2      | Found a faded altar of an unknown god.
  3723 | D:4      | Noticed an ogre
  3733 | D:4      | Killed an ogre
  3734 | D:4      | Reached skill level 3 in Fighting
  3734 | D:4      | Reached skill level 3 in Stealth
  3734 | D:4      | Reached skill level 1 in Shields
  3734 | D:4      | Reached XP level 5. HP: 16/36 MP: 5/5
  4079 | D:5      | Entered Level 5 of the Dungeon
  4179 | D:4      | Found a stormy altar of Qazlal.
  4305 | D:5      | Found Tuthuohi's Magic Scroll Shop.
  4627 | D:4      | You pick up a book of Changes and begin reading...
  4627 | D:4      | You add the spells Beastly Appendage, Wereblood, Spider
                  | Form and Ice Form to your library.
  4639 | D:4      | Reached skill level 4 in Long Blades
  4639 | D:4      | Reached XP level 6. HP: 30/42 MP: 6/6
  4836 | D:5      | Noticed a yak
  4836 | D:5      | Noticed a yak
  4836 | D:5      | Noticed a yak
  4849 | D:5      | Killed a yak
  4850 | D:5      | Reached skill level 4 in Dodging
  4850 | D:5      | Reached skill level 4 in Stealth
  4850 | D:5      | Reached skill level 2 in Shields
  4853 | D:5      | Killed a yak
  4854 | D:5      | Reached XP level 7. HP: 26/47 MP: 7/7
  4856 | D:5      | HP: 3/47 [yak (14)]
  4857 | D:5      | Killed a yak
  4858 | D:5      | Reached skill level 4 in Fighting
  4858 | D:5      | Reached skill level 5 in Stealth
  4858 | D:5      | Reached skill level 3 in Shields
  5173 | D:5      | Noticed Eustachio
  5179 | D:5      | Killed Eustachio
  5326 | D:5      | Found a glowing golden altar of the Shining One.
  5326 | D:5      | Found a hazy altar of Hepliaklqana.
  5330 | D:5      | Found a burning altar of Makhleb.
  5440 | D:5      | Reached skill level 5 in Long Blades
  5440 | D:5      | Reached XP level 8. HP: 51/54 MP: 8/8
  5505 | D:5      | Reached skill level 5 in Dodging
  5525 | D:5      | Found a sparkling altar of Nemelex Xobeh.
  5663 | D:6      | Found a staircase to the Ecumenical Temple.
  5668 | D:7      | Noticed Joseph
  5679 | Temple   | Entered the Ecumenical Temple
  5694 | Temple   | Became a worshipper of Ru the Awakened
  5816 | D:5      | Found a shimmering blue altar of Sif Muna.
  6265 | D:5      | HP: 8/54 [something (6)]
  6267 | D:5      | Slain by a sky beast

Vanquished Creatures
  3 yaks (D:5)
  Eustachio (D:5)
  An ogre (D:4)
  2 scorpions (D:5)
  A bullfrog skeleton (D:5)
  A hound (D:4)
  A jelly (D:6)
  3 iguanas
  A hound skeleton (D:2)
  An adder (D:2)
  A white imp (D:5)
  A worm (D:5)
  2 dart slugs
  8 endoplasms
  5 giant cockroaches
  4 goblins
  4 hobgoblins
  8 jackals
  A kobold (D:2)
  5 quokkas
  12 ball pythons
  4 bats
  3 frilled lizards
  5 rats
78 creatures vanquished.

Vanquished Creatures (others)
  8 fungi (D:2)
  4 toadstools (D:2)
12 creatures vanquished.

Grand Total: 90 creatures vanquished

Table legend:
 A = Non-vault XP
 B = Vault XP
 C = Vault XP percentage of total XP
 D = Non-vault monster count
 E = Vault monster count
 F = Vault count percentage of total count
                 A         B        C        D         E       F
            +---------+---------+-------+---------+---------+-------
      Total |    1287 |     202 |  13.6 |      71 |       7 |   9.0
            +---------+---------+-------+---------+---------+-------
        D:1 |      34 |       0 |   0.0 |      20 |       0 |   0.0
        D:2 |      66 |       4 |   5.7 |      22 |       2 |   8.3
        D:3 |      19 |       0 |   0.0 |       9 |       0 |   0.0
        D:4 |     203 |       2 |   1.0 |       9 |       1 |  10.0
        D:5 |     888 |     196 |  18.1 |       9 |       4 |  30.8
        D:6 |      77 |       0 |   0.0 |       2 |       0 |   0.0
            +---------+---------+-------+---------+---------+-------

Illustrated notes

Table legend:
 A = Kills in this place as a percentage of kills in entire the game.
 B = Kills by you in this place as a percentage of kills by you in the entire game.
 C = Kills by friends in this place as a percentage of kills by friends in the entire game.
 D = Other kills in this place as a percentage of other kills in the entire game.
 E = Experience gained in this place as a percentage of experience gained in the entire game.
 F = Experience gained in this place divided by the number of levels of this place that you have seen.
                   A       B       C       D       E      F
               +-------+-------+-------+-------+-------+----------------------
         Total | 100.0 | 100.0 |   N/A |   N/A | 100.0 | 186.1
       Dungeon | 100.0 | 100.0 |   N/A |   N/A | 100.0 | 212.7
               +-------+-------+-------+-------+-------+----------------------

Table legend: (Time is in decaauts)
 A = Elapsed time spent in this place.
 B = Non-inter-level travel time spent in this place.
 C = Inter-level travel time spent in this place.
 D = Time resting spent in this place.
 E = Time spent auto-exploring this place.
 F = Levels seen in this place.
 G = Mean time per level.
                   A        B        C        D        E       F      G
               +--------+--------+--------+--------+--------+-----+--------+
         Total |   6285 |   5943 |    342 |   1611 |   3551 |   8 |  785.6 |
       Dungeon |   6255 |   5927 |    328 |   1611 |   3551 |   7 |  893.6 |
        Temple |     29 |     15 |     14 |      0 |      0 |   1 |   29.0 |
               +--------+--------+--------+--------+--------+-----+--------+

Top non-repeatable levels by time:
     D:1: 1453 daAuts
     D:5: 1228 daAuts
     D:4: 1152 daAuts
     D:2: 1137 daAuts
     D:3: 1064 daAuts
     D:6: 213 daAuts
  Temple: 29 daAuts
     D:7: 6 daAuts
